cohdb
Replays
Latest Replays
All Replays
Popular Replays
Top Player Replays
Match Explorer
How It Works
Community
CoH3 Stats
Reddit
Sign in to upload your games and track your stats! →
Sign in with Steam
Match 42236285
Unlisted
Match 42236285
Overview
Messages
Build Orders
End
Royal Engineer Section
Construct Section Command Post
Selects Canadian Shock Battlegroup
Infantry Section
Infantry Section
Vickers Machine Gun Team
Construct Platoon Command Post
Selects Attacking Spirit
Selects Canadian Shock Section
Humber Armored Car
Selects Incendiary Munitions
Infantry Training
Grenade Package
Vickers Machine Gun Team
Construct Company Command Post
Selects Pyrotechnics
Foot Guards Section
Bootyquake
Joachim
0
0
Comments
sign in to comment!
No comments posted yet!